 Dungeon Crawl Stone Soup version 0.31.0-7-gf635a9b802 (webtiles) character file.

Game seed: 1218505623579259875

4200 stipulation the Grappler (level 10, 0/77 HPs)
             Began as a Ghoul Monk on Jan 24, 2024.
             Was a Priest of Wu Jian.
             Slain by an orc warrior
             ... wielding a +0 trident
              (7 damage)
             ... in a bailey.
             The game lasted 00:05:26 (7376 turns).

stipulation the Grappler (Ghoul Monk)               Turns: 7376, Time: 00:05:26

Health: 0/77       AC: 19    Str: 20    XL:     10   Next: 29%
Magic:  10/10      EV:  7    Int:  9    God:    Wu Jian [***...]
Gold:   582        SH:  0    Dex: 11    Spells: 9/9 levels left

rFire   . .          .
                       - Unarmed
rCold   + . .        c - orb {light}
rNeg    + + +        y - +0 plate armour
rPois   ∞            t - +0 helmet
rElec   .            F - +0 cloak
rCorr   +            A - +2 pair of gloves
SInv    .            (no boots)
Will    .....        (no amulet) Stlth
                     z - ring of resist corrosion
HPRegen 0.00/turn    (no ring)
MPRegen 0.12/turn

%: no passive effects
@: exhausted, inhibited regen, glowing
A: claws 1, cold resistance 1, negative energy resistance 3, inhibited
regeneration, torment resistance 2, devour on kill
a: Renounce Religion, Wall Jump, Serpent's Lash


You were in a bailey.
You worshipped Wu Jian.
Wu Jian was most pleased with you.
You visited 2 branches of the dungeon, and saw 9 of its levels.
You also visited: Bailey.

You collected 582 gold pieces.

Inventory:

Missiles
 s - a throwing net
Armour
 a - a +0 robe
 c - an orb of light (worn)
 r - a +0 chain mail
 t - a +0 helmet (worn)
 u - a +0 tower shield
 y - a +0 plate armour (worn)
 A - a +2 pair of gloves (worn)
 F - a +0 cloak (worn)
Jewellery
 v - a ring of flight
 w - the ring of the Lotus Blossom {*Slow Will+ Slay+2 SInv Stlth+}
   (You found it on level 4 of the Dungeon)

   [ring of willpower]

   Slay+2:    It affects your accuracy & damage with ranged weapons and melee
   (+2).
   Will+:     It increases your willpower.
   SInv:      It lets you see invisible.
   *Slow:     It may slow you when you take damage.
   Stlth+:    It makes you more stealthy.
 z - a ring of resist corrosion (left hand)
Wands
 i - a wand of flame (6) (quivered)
 C - a wand of roots (10)
 K - a wand of paralysis (7)
Scrolls
 b - a scroll of fog {unknown}
 d - 12 scrolls of identify {unknown}
 e - a scroll of blinking {unknown}
 h - 2 scrolls of immolation {unknown}
 k - 2 scrolls of teleportation {unknown}
 l - 2 scrolls of fear {unknown}
 n - a scroll of revelation {unknown}
 o - a scroll of silence {unknown}
 q - a scroll of torment {unknown}
 E - 3 scrolls of acquirement {unknown}
 G - a scroll of poison {unknown}
Potions
 f - a potion of lignification {unknown}
 g - 3 potions of might
 j - a potion of experience {unknown}
 m - 2 potions of attraction {unknown}
 p - a potion of curing {unknown}
 x - 2 potions of degeneration {unknown}
 D - 3 potions of heal wounds {unknown}
 H - 2 potions of berserk rage {unknown}
 I - a potion of enlightenment {unknown}
 J - 3 potions of haste {unknown}
 L - 4 potions of magic {unknown}
 M - a potion of invisibility {unknown}
 N - a potion of resistance {unknown}
 O - a potion of cancellation {unknown}


   Skills:
 - Level 3.2 Fighting
 + Level 7.3 Armour
 - Level 2.6 Dodging
 + Level 13.6 Unarmed Combat


You had 9 spell levels left.
You didn't know any spells.
Your spell library contained the following spells:

 Spells                   Type           Power      Damage    Failure   Level
 Dazzling Flash           Conj/Hex       0%         N/A       100%        3
 Mephitic Cloud           Conj/Alch/Air  0%         N/A       100%        3
 Curse of Agony           Necr           0%         N/A       100%        5
 Silence                  Hex/Air        0%         N/A       100%        5


Dungeon Overview and Level Annotations

Branches:
Dungeon (8/15)             Temple (1/1) D:7          Bailey (1/1)
   Lair: D:8-11

Altars:
Ashenzari
Cheibriados
Dithmenos
Fedhas
Gozag
Hepliaklqana
Kikubaaqudgha
Makhleb
Nemelex Xobeh
Okawaru
Qazlal
Ru
Sif Muna
Trog
Uskayaw
Vehumet
Wu Jian
Xom
Yredelemnul


Innate Abilities, Weirdness & Mutations

You are immune to poison.
You have sharp fingernails.
Your flesh is cold resistant. (rC+)
You are immune to negative energy. (rN+++)
You do not regenerate when monsters are visible.
You are immune to unholy pain and torment.
You thrive by killing the living.


Message History

You are too injured to fight recklessly!
You are too injured to fight recklessly!
You are too injured to fight recklessly!
You are too injured to fight recklessly!
You are too injured to fight recklessly!
You lunge at the orc warrior, in a flurry of attacks.
The orc warrior shouts!
You hit the orc warrior but do no damage.
You barely miss the orc warrior.
The orc warrior hits you with a +0 halberd!
You hit the orc warrior but do no damage.
The orc warrior hits you with a +0 halberd!
You hit the orc warrior.
The orc warrior is lightly wounded.
Your muscles tense, ready for explosive movement...
You spin and attack the orc warrior repeatedly, with incredible momentum.
You hit the orc warrior but do no damage.
The orc warrior is lightly wounded.
You hit the orc warrior.
The orc warrior is lightly wounded.
You lunge with incredible momentum at the orc knight.
You punch the orc knight!
The orc knight is lightly wounded.
Your supernatural speed expires.
You spin and attack the orc knight.
You hit the orc knight but do no damage.
The orc knight is lightly wounded.
The orc knight hits you but does no damage.
The orc warrior hits you from afar with a +0 halberd!
* * * LOW HITPOINT WARNING * * *
You lunge at the orc warrior.
You punch the orc warrior!
The orc warrior is heavily wounded.
The orc knight hits you but does no damage.
The orc warrior hits you with a +0 halberd!
* * * LOW HITPOINT WARNING * * *
As you read the scroll of summoning, it crumbles to dust.
Wisps of shadow whirl around you...
The orc knight hits you but does no damage.
The orc warrior hits you from afar with a +0 trident!
You die...

#.......#
#..???..#
#..???..#
#..???..#
#.......#
#....o..#
#.oooo..#
#..o..o.#
#..o@...#
#).oo.g.#
##..g..##
#'''''#
##.g...##
#.......#
#.......#
#.).....#
#))#.#..#


You could see an orc knight (ally target), 2 orc warriors, a friendly orc
warrior (summoned), 2 friendly orc priests, a friendly orc wizard (summoned), 3
friendly gnolls and 3 friendly orcs.

Vanquished Creatures
  An orc knight (Bailey)
  A steam dragon (D:6)
  3 water moccasins
  9 orc warriors
  2 sky beasts
  An ice beast (D:5)
  A black bear (D:6)
  3 centaurs
  2 kobold brigands (D:7)
  6 scorpions
  6 wights
  An electric eel (D:6)
  4 howler monkeys
  2 bombardier beetles
  3 hounds
  4 orc priests
  Crazy Yiuf (D:5)
  A gnoll bouda (D:7)
  3 iguanas
  2 sleepcaps
  4 orc wizards
  Robin (D:2)
  8 gnolls
  11 adders
  2 white imps
  3 dart slugs
  2 ribbon worms (D:2)
  40 orcs
  4 endoplasms
  A giant cockroach (D:1)
  13 goblins
  9 hobgoblins
  3 jackals (D:3)
  24 kobolds
  A quokka (D:4)
  5 ball pythons
  6 bats
  3 frilled lizards
  7 rats
203 creatures vanquished.

Notes
Turn   | Place    | Note
-------+----------+-------------------------------------------
     0 | D:1      | stipulation the Ghoul Monk began the quest for the Orb.
     0 | D:1      | Reached XP level 1. HP: 19/19 MP: 1/1
   105 | D:1      | Reached XP level 2. HP: 23/26 MP: 2/2
   223 | D:1      | Reached skill level 4 in Unarmed Combat
   641 | D:1      | Reached XP level 3. HP: 31/31 MP: 3/3
  1225 | D:1      | Reached skill level 5 in Unarmed Combat
  1229 | D:1      | HP: 1/31 [goblin/+0 dagger[Robin] (4)]
  1426 | D:2      | Reached XP level 4. HP: 33/38 MP: 4/4
  1446 | D:2      | Noticed Robin
  1453 | D:2      | Killed Robin
  1814 | D:2      | Identified the +3 leather armour of the Hills {Dex+5}
  1985 | D:2      | Reached skill level 6 in Unarmed Combat
  1988 | D:2      | Reached XP level 5. HP: 20/45 MP: 5/5
  2299 | D:3      | Found a faded altar of an unknown god.
  2433 | D:3      | HP: 2/45 [burnt (4)]
  2941 | D:4      | Reached skill level 7 in Unarmed Combat
  2941 | D:4      | Reached XP level 6. HP: 42/51 MP: 6/6
  3284 | D:4      | Reached skill level 8 in Unarmed Combat
  3354 | D:4      | Reached XP level 7. HP: 54/57 MP: 7/7
  3516 | D:4      | Identified the ring of the Lotus Blossom {*Slow Will+
                  | Slay+2 SInv Stlth+}
  3787 | D:4      | Reached skill level 9 in Unarmed Combat
  3793 | D:4      | Reached skill level 1 in Armour
  3890 | D:5      | Entered Level 5 of the Dungeon
  4153 | D:5      | Reached XP level 8. HP: 63/63 MP: 8/8
  4220 | D:5      | Found a runed translucent door.
  4221 | D:5      | Noticed Crazy Yiuf
  4524 | D:5      | Killed Crazy Yiuf
  4886 | D:6      | Found a bloodstained altar of Trog.
  4886 | D:6      | Found a shimmering altar of Xom.
  4984 | D:6      | Found a sacrificial altar of Ru.
  5073 | D:6      | Reached skill level 5 in Armour
  5073 | D:6      | Reached skill level 10 in Unarmed Combat
  5304 | D:6      | Reached XP level 9. HP: 43/70 MP: 9/9
  5627 | D:7      | Found an iron altar of Okawaru.
  5784 | D:6      | Reached skill level 11 in Unarmed Combat
  6038 | D:7      | HP: 2/70 [orc warrior/+0 long sword (9)]
  6065 | D:7      | Reached skill level 12 in Unarmed Combat
  6256 | D:7      | Found a staircase to the Ecumenical Temple.
  6540 | D:7      | Found a sparkling altar of Nemelex Xobeh.
  6564 | D:7      | Found a shimmering blue altar of Sif Muna.
  6752 | Temple   | Entered the Ecumenical Temple
  6761 | Temple   | Became a worshipper of the Wu Jian Council
  6761 | Temple   | Reached * piety under Wu Jian
  6761 | Temple   | Reached ** piety under Wu Jian
  6855 | D:8      | Reached skill level 13 in Unarmed Combat
  6855 | D:8      | Found a flagged portal.
  6965 | Bailey   | Entered a bailey
  7075 | Bailey   | Reached XP level 10. HP: 67/77 MP: 10/10
  7178 | Bailey   | Noticed an orc knight
  7190 | Bailey   | Killed an orc knight
  7200 | Bailey   | Reached *** piety under Wu Jian
  7368 | Bailey   | Noticed an orc knight
  7376 | Bailey   | Slain by an orc warrior

Illustrated notes

Levels and vault maps discovered:
D:1:      scummos_arrival_simple_crosswalls, layout_basic, nrook_uturn,
          minmay_tromino_mix6
D:2:      layout_rooms, minmay_3d_cube, uniq_robin
D:3:      layout_loops_cross, hellmonk_ecumenical_altar_arch_garden
D:4:      layout_rooms, grunt_decor_fettered, dk_noncrumbling_3
D:5:      layout_cave_pools, tso_oasis_becter, uniq_crazy_yiuf_cottage
D:6:      layout_gridville, mainiacjoe_overflow_boulevard, hangedman_ru_absence,
          nicolae_overflow_squiral, kennysheep_generic_room_3
D:7:      layout_basic, nemelex_diamond_rough_becter, okawaru_trees_1,
          amethyst_overflow_temple_binary, minmay_temple_entry_tees,
          minmay_misc_feat_hallway
D:8:      layout_loops_ring, enter_bailey_6, minmay_starry_boxes
Temple:   dshaligram_water_room_temple
Bailey:   bailey_polearm_5, bailey

Skill      XL: |  1  2  3  4  5  6  7  8  9 10 |
---------------+-------------------------------+-----
Unarmed Combat | 4 5 6 7 8 9 10 13 | 13.6
Armour         | 3 6 7 |  7.3
Fighting       | |  3.2
Dodging        | |  2.6

Action                     |  1- 3 |  4- 6 |  7- 9 | 10-12 || total
---------------------------+-------+-------+-------+-------++-------
  Melee: Unarmed           |    83 |   162 |   322 |    64 ||   631
 Invoke: Serpent's Lash    |       |       |       |     1 ||     1
Ability: Whirlwind         |       |       |    11 |    25 ||    36
         Lunge             |       |       |     6 |     9 ||    15
         Wall Jump         |       |       |       |     1 ||     1
  Evoke: Wand              |       |       |     1 |       ||     1
    Use: Potion            |       |     1 |     1 |       ||     2
         Scroll            |       |       |       |     1 ||     1
 Armour: Robe              |    76 |    74 |       |       ||   150
         Chain mail        |       |    23 |    12 |       ||    35
         Plate armour      |       |       |   392 |    71 ||   463
  Dodge: Dodged            |    58 |    98 |   128 |    28 ||   312
